Map: Ascension to Aiur LE

Players

Lambo - Winner!

  • Race: Zerg Zerg
  • Spawn Location: 11:00

SpaceDucK

  • Race: Protoss Protoss
  • Spawn Location: 5:00

Event: WCS Jonkoping 2017

VOD

Have the link to the VOD?

Description

Time

  • Played on: June 17, 2017, 10 a.m.
  • Length: 6:47

All games in this series

Show
View Real Time Build Order
Export as new Build Order

Lambo Zerg - Winner!

Build Orders: Hatch First 

Get SALT Encoding   

  12  0:00  Drone  
  13  0:12  Overlord  
  13  0:16  Drone  
  14  0:30  Drone x2  
  14  0:33  Drone  
  17  0:51  Hatchery  
  17  0:55  Drone  
  17  0:58  Drone  
  18  1:09  Extractor  
  17  1:14  Spawning Pool  
  17  1:17  Drone  
  17  1:21  Drone  
  18  1:27  Drone  
  19  1:42  Overlord  
  19  1:49  Drone  
  20  2:00  Queen  
  22  2:01  Zergling x2  
  22  2:03  Queen, Zergling x2  
  26  2:09  Metabolic Boost  
  26  2:10  Drone  
  26  2:14  Drone  
  28  2:23  Drone  
  29  2:36  Hatchery  
  28  2:38  Drone  
  28  2:41  Drone  
  30  2:50  Pneumatized Carapace  
  30  2:51  Drone  
  31  2:54  Overlord  
  31  2:58  Drone  
  32  3:00  Drone  
  32  3:02  Drone  
  34  3:09  Drone x2  
  36  3:13  Drone x2  
  36  3:14  Overlord  
  36  3:17  Drone  
  36  3:18  Drone  
  40  3:24  Drone  
  40  3:25  Drone  
  42  3:30  Queen  
  42  3:34  Drone  
  45  3:35  Drone  
  45  3:38  Drone  
  45  3:39  Drone  
  48  3:46  Drone x3  
  51  3:51  Evolution Chamber  
  51  3:53  Drone x2  
  52  3:58  Lair  
  52  4:01  Roach Warren, Drone x3  
  54  4:10  Extractor  
  54  4:11  Extractor, Drone  
  54  4:12  Drone x5  
  58  4:23  Overlord  
  58  4:27  Extractor, Overlord  
  57  4:31  Overlord  
  57  4:36  Overlord  
  57  4:38  Zerg Missile Weapons Level 1  
  57  4:43  Drone x3  
  57  4:44  Overlord  
  60  4:46  Overlord  
  60  4:55  Overlord x2  
  60  4:59  Roach x3  
  74  5:00  Roach x4  
  74  5:04  Glial Reconstitution  
  74  5:11  Overseer  
  74  5:14  Zergling x8, Roach x2  
  82  5:23  Overlord x2  
  82  5:25  Hatchery  
  81  5:36  Roach x2  
  81  5:37  Roach x3  
  81  5:41  Zergling x2, Roach x2  
  96  5:44  Overlord  
  96  5:45  Roach x2  
  100  5:50  Ravager x2  
  100  5:52  Zergling x2, Roach x2  
  107  5:58  Zergling x2  
  107  5:59  Zergling x6  
  107  6:04  Zergling x6  
  114  6:07  Zergling x6  
  117  6:14  Zergling x4, Roach  
  117  6:15  Roach  
  123  6:19  Overlord  
  123  6:21  Roach x2  
  123  6:22  Zergling x2  
  123  6:25  Overlord  
  128  6:27  Overlord  
Show
View Real Time Build Order
Export as new Build Order

SpaceDucK Protoss 

Build Orders: 1 Gate Expand 

Get SALT Encoding   

  12  0:08  Probe (Chrono Boost)  
  13  0:14  Pylon  
  13  0:18  Probe (Chrono Boost)  
  14  0:31  Probe (Chrono Boost)  
  15  0:43  Gateway  
  15  0:44  Probe (Chrono Boost)  
  16  0:55  Probe (Chrono Boost)  
  17  1:02  Assimilator  
  17  1:05  Probe (Chrono Boost), Assimilator  
  18  1:31  Nexus  
  18  1:33  Probe (Chrono Boost)  
  19  1:44  Probe (Chrono Boost)  
  20  1:56  Pylon  
  20  1:58  Cybernetics Core  
  20  2:02  Probe (Chrono Boost)  
  20  2:03  Zealot  
  23  2:14  Probe (Chrono Boost)  
  24  2:24  Probe (Chrono Boost)  
  25  2:32  Zealot  
  25  2:35  Probe (Chrono Boost)  
  28  2:39  Assimilator  
  28  2:43  Warp Gate  
  28  2:44  Assimilator  
  28  2:46  Probe (Chrono Boost)  
  29  2:52  Probe (Chrono Boost)  
  30  3:00  Sentry  
  30  3:05  Probe (Chrono Boost)  
  33  3:06  Probe (Chrono Boost)  
  34  3:17  Pylon  
  34  3:18  Probe (Chrono Boost)  
  35  3:23  Probe (Chrono Boost)  
  36  3:29  Probe (Chrono Boost)  
  36  3:32  Pylon  
  37  3:40  Probe (Chrono Boost), Mothership Core (Chrono Boost)  
  40  3:47  Stalker  
  42  3:51  Probe (Chrono Boost)  
  43  3:58  Probe (Chrono Boost)  
  43  4:00  Robotics Facility  
  44  4:03  Forge  
  44  4:09  Gateway x2  
  44  4:13  Probe x2 (Chrono Boost)  
  46  4:19  Stalker  
  48  4:29  Probe (Chrono Boost)  
  49  4:36  Protoss Ground Weapons Level 1  
  49  4:48  Warp Prism  
  51  5:00  Probe x2 (Chrono Boost)  
  53  5:07  Stalker  
  55  5:16  Probe x2 (Chrono Boost)  
  57  5:26  Probe x2 (Chrono Boost)  
  59  5:32  Stalker  
  61  5:39  Pylon  
  61  5:41  Pylon  
  61  5:53  Gateway  
  61  5:54  Pylon  
  61  5:59  Observer, Robotics Bay  
  62  6:09  Probe x2 (Chrono Boost)  
  62  6:10  Stalker x3  
  70  6:17  Photon Cannon  
  70  6:20  Probe x2 (Chrono Boost)  
  70  6:39  Stalker  
Tags
 
Add a new tag
Caveats
  • Supply blocks, unpowered buildings, or Contaminate may cause inaccurate times.
  • Supply counts are checked every 10 seconds.